General information
- name: BNet
- type: Ladder team game (AT/RT)
- host: Battle.net
- saver: TheSoundOfTrees
map: Battleground
- players: 8
- length: 45:27
- speed: Fast
- version: 1.26 W3XP
- replay type: Public
» download(224 KB)
Players
team 1 (winner)

»
cerillo (
green | 19 APM | 563 actions | 29:23)
5 Paladin
2 Holy Light
2 Devotion Aura
1 Divine Shield
» actions
| Basic commands | 2 | |
| Build / train | 55 | |
| Enter build submenu | 24 | |
| Enter hero's abilities submenu | 5 | |
| Right click | 182 | |
| Select / deselect | 256 | |
| Use ability | 39 | |
563 total
» units
| Peasant | 23 | |
| Footman | 5 | |
| Priest | 2 | |
| Knight | 3 | |
33 total
» upgrades
| Defend | 1 | |
| Masonry | 3 | |
| Plating | 2 | |
| Lumber Harvesting | 2 | |
| Animal War Training | 1 | |
| Priest Training | 1 | |
| Swords | 1 | |
11 total
» buildings
| Farm | 6 | |
| Altar of Kings | 1 | |
| Barracks | 2 | |
| Scout Tower | 10 | |
| Arcane Tower | 1 | |
| Lumber Mill | 1 | |
| Keep | 1 | |
| Guard Tower | 2 | |
| Blacksmith | 1 | |
| Castle | 1 | |
| Arcane Sanctum | 1 | |
27 total
» build order
00:52 Farm
01:04 Altar of Kings
01:19 Barracks
01:29 Farm
01:35 Scout Tower
02:02 Arcane Tower
02:10 Farm
02:23 Barracks
02:47 Farm
03:19 Lumber Mill
03:35 Scout Tower
04:08 Scout Tower
04:32 Keep
04:39 Scout Tower
05:09 Guard Tower
06:01 Blacksmith
06:55 Castle
07:45 Arcane Sanctum
09:36 Farm
13:31 Scout Tower
13:43 Scout Tower
13:58 Scout Tower
14:03 Scout Tower
14:10 Scout Tower
14:37 Scout Tower
14:38 Guard Tower
14:40 Farm

»
helpme (
blue | 27 APM | 877 actions | 32:56)
10 Mountain King
3 Storm Bolt
3 Thunder Clap
3 Bash
1 Avatar
» actions
| Basic commands | 8 | |
| Build / train | 69 | |
| Enter build submenu | 23 | |
| Enter hero's abilities submenu | 10 | |
| Give item / drop item | 1 | |
| Right click | 347 | |
| Select / deselect | 359 | |
| Use ability | 60 | |
877 total
» units
| Peasant | 10 | |
| Rifleman | 14 | |
| Mortar Team | 5 | |
| Siege Engine | 12 | |
| Knight | 6 | |
47 total
» upgrades
» buildings
| Farm | 13 | |
| Altar of Kings | 1 | |
| Barracks | 2 | |
| Blacksmith | 1 | |
| Lumber Mill | 1 | |
| Arcane Vault | 1 | |
| Keep | 1 | |
| Workshop | 2 | |
| Castle | 1 | |
| Town Hall | 2 | |
25 total
» build order
00:12 Farm
00:25 Altar of Kings
00:50 Farm
01:29 Farm
01:34 Barracks
02:09 Farm
02:15 Blacksmith
02:23 Barracks
02:50 Farm
03:23 Lumber Mill
03:28 Farm
04:48 Arcane Vault
06:06 Keep
08:41 Workshop
09:17 Workshop
09:25 Farm
12:51 Castle
12:58 Farm
13:00 Farm
13:44 Farm
13:46 Farm
14:33 Farm
14:37 Farm
21:32 Town Hall
27:19 Town Hall
» items
| Scroll of Regeneration | 1 | |
| Potion of Mana | 2 | |
| Scroll of Town Portal | 1 | |
| Orb of Fire | 1 | |
| Potion of Healing | 2 | |
7 total
FirePower (
yellow | 47 APM | 2148 actions | 45:26)
5 Archmage
3 Blizzard
2 Brilliance Aura
3 Blood Mage
2 Flame Strike
1 Siphon Mana
4 Pit Lord
2 Rain of Fire
2 Cleaving Attack
» actions
| Assign group hotkey | 189 | |
| Basic commands | 202 | |
| Build / train | 92 | |
| Enter build submenu | 24 | |
| Enter hero's abilities submenu | 13 | |
| Give item / drop item | 6 | |
| Right click | 614 | |
| Select / deselect | 461 | |
| Select group hotkey | 437 | |
| Use ability | 110 | |
2148 total
» units
| Peasant | 12 | |
| Footman | 5 | |
| Forest Troll Berserker | 2 | |
| Forest Troll Shadow Priest | 3 | |
| Mortar Team | 4 | |
| Siege Engine | 9 | |
| Flying Machine | 12 | |
47 total
» upgrades
| Fragmentation Shards | 1 | |
| Gunpowder | 3 | |
| Plating | 3 | |
| Barrage | 1 | |
| Flare | 1 | |
| Flak Cannons | 1 | |
10 total
» buildings
| Altar of Kings | 1 | |
| Farm | 11 | |
| Barracks | 1 | |
| Lumber Mill | 1 | |
| Keep | 1 | |
| Blacksmith | 1 | |
| Arcane Vault | 1 | |
| Workshop | 5 | |
| Castle | 1 | |
| Town Hall | 2 | |
25 total
» build order
00:09 Altar of Kings
00:24 Farm
00:40 Barracks
01:04 Farm
01:39 Lumber Mill
01:55 Farm
03:14 Keep
03:32 Farm
03:41 Blacksmith
04:08 Arcane Vault
04:44 Farm
05:18 Farm
05:44 Workshop
05:47 Workshop
05:50 Castle
05:56 Workshop
06:11 Farm
11:33 Farm
15:28 Workshop
15:49 Workshop
16:40 Farm
20:04 Farm
20:47 Farm
22:11 Town Hall
31:09 Town Hall
» items
| Scroll of Regeneration | 5 | |
| Staff of Sanctuary | 2 | |
| Potion of Healing | 4 | |
| Scroll of Town Portal | 4 | |
| Lesser Clarity Potion | 3 | |
18 total
TheSoundOfTrees (
purple | 55 APM | 2513 actions | 45:27)
7 Keeper of the Grove
3 Thorns Aura
3 Entangling Roots
1 Tranquility
» actions
| Assign group hotkey | 73 | |
| Basic commands | 276 | |
| Build / train | 107 | |
| Enter build submenu | 58 | |
| Enter hero's abilities submenu | 8 | |
| Give item / drop item | 4 | |
| Remove unit from queue | 1 | |
| Right click | 1253 | |
| Select / deselect | 330 | |
| Select group hotkey | 272 | |
| Use ability | 131 | |
2513 total
» units
| Wisp | 65 | |
| Hippogryph | 2 | |
| Chimaera | 3 | |
70 total
» upgrades
| Ultravision | 1 | |
| Well Spring | 1 | |
| Nature's Blessing | 1 | |
| Reinforced Hides | 3 | |
| Strength of the Wild | 3 | |
| Corrosive Breath | 1 | |
10 total
» buildings
| Moon Well | 7 | |
| Altar of Elders | 1 | |
| Hunter's Hall | 2 | |
| Ancient Protector | 28 | |
| Tree of Ages | 1 | |
| Tree of Eternity | 1 | |
| Ancient of Wind | 5 | |
| Tree of Life | 2 | |
| Chimaera Roost | 6 | |
53 total
» build order
00:26 Moon Well
00:50 Altar of Elders
01:20 Moon Well
01:46 Hunter's Hall
01:55 Moon Well
02:55 Ancient Protector
02:56 Ancient Protector
03:09 Ancient Protector
03:18 Ancient Protector
04:09 Ancient Protector
04:24 Ancient Protector
04:29 Moon Well
05:53 Moon Well
05:56 Tree of Ages
05:57 Moon Well
06:22 Moon Well
07:05 Ancient Protector
07:06 Ancient Protector
07:07 Ancient Protector
07:07 Ancient Protector
09:17 Ancient Protector
09:17 Ancient Protector
09:19 Ancient Protector
09:20 Ancient Protector
09:21 Ancient Protector
09:23 Ancient Protector
10:05 Tree of Eternity
10:51 Ancient of Wind
12:41 Tree of Life
15:51 Ancient of Wind
15:52 Ancient of Wind
20:30 Chimaera Roost
20:30 Chimaera Roost
20:31 Chimaera Roost
20:31 Chimaera Roost
20:43 Chimaera Roost
20:44 Chimaera Roost
23:12 Tree of Life
23:15 Ancient Protector
23:15 Ancient Protector
23:15 Ancient Protector
23:16 Ancient Protector
23:16 Ancient Protector
23:17 Ancient Protector
23:19 Ancient Protector
23:28 Ancient Protector
23:42 Hunter's Hall
23:48 Ancient Protector
23:48 Ancient Protector
23:49 Ancient Protector
23:51 Ancient Protector
28:58 Ancient of Wind
28:59 Ancient of Wind
» items
| Boots of Speed | 1 | |
| Staff of Teleportation | 1 | |
| Dust of Appearance | 1 | |
| Scroll of Town Portal | 4 | |
| Periapt of Vitality | 3 | |
| Potion of Lesser Invulnerability | 2 | |
| Potion of Invisibility | 1 | |
13 total
team 2 (loser)

»
Insomnia7 (
red | 44 APM | 336 actions | 07:37)
2 Blademaster
1 Wind Walk
1 Critical Strike
» actions
| Build / train | 24 | |
| ESC pressed | 1 | |
| Enter build submenu | 9 | |
| Enter hero's abilities submenu | 2 | |
| Remove unit from queue | 1 | |
| Right click | 166 | |
| Select / deselect | 114 | |
| Use ability | 19 | |
336 total
» units
» upgrades
| Pillage | 1 | |
| Spiked Barricades | 1 | |
2 total
» buildings
| Orc Burrow | 3 | |
| Altar of Storms | 1 | |
| Barracks | 1 | |
| War Mill | 1 | |
| Voodoo Lounge | 1 | |
| Stronghold | 1 | |
| Beastiary | 1 | |
| Spirit Lodge | 1 | |
| Fortress | 1 | |
11 total
» build order
00:07 Orc Burrow
00:11 Altar of Storms
01:05 Barracks
01:29 War Mill
01:52 Orc Burrow
02:49 Voodoo Lounge
03:05 Orc Burrow
04:13 Stronghold
06:48 Beastiary
07:00 Spirit Lodge
07:01 Fortress
» items
| Healing Salve | 1 | |
| Lesser Clarity Potion | 1 | |
2 total
semperusa (
pink | 29 APM | 588 actions | 19:59)
4 Archmage
2 Summon Water Elemental
2 Blizzard
» actions
| Assign group hotkey | 19 | |
| Build / train | 44 | |
| Enter build submenu | 24 | |
| Enter hero's abilities submenu | 4 | |
| Remove unit from queue | 2 | |
| Right click | 194 | |
| Select / deselect | 174 | |
| Select group hotkey | 92 | |
| Use ability | 35 | |
588 total
» units
| Peasant | 9 | |
| Footman | 8 | |
| Gryphon Rider | 12 | |
29 total
» upgrades
| Swords | 2 | |
| Armor | 1 | |
| Storm Hammers | 1 | |
4 total
» buildings
| Altar of Kings | 1 | |
| Farm | 14 | |
| Barracks | 1 | |
| Keep | 3 | |
| Blacksmith | 1 | |
| Lumber Mill | 1 | |
| Castle | 1 | |
| Gryphon Aviary | 2 | |
24 total
» build order
00:06 Altar of Kings
00:12 Farm
00:25 Barracks
01:35 Farm
02:27 Keep
02:33 Farm
03:11 Farm
03:22 Blacksmith
03:53 Farm
04:38 Lumber Mill
04:55 Castle
05:44 Gryphon Aviary
05:51 Farm
06:00 Gryphon Aviary
08:22 Farm
09:05 Farm
09:47 Farm
11:40 Farm
13:56 Farm
14:52 Farm
15:42 Farm
17:51 Farm
Lamorak (
teal | 87 APM | 2343 actions | 26:49)
5 Archmage
3 Summon Water Elemental
2 Brilliance Aura
3 Mountain King
2 Storm Bolt
1 Thunder Clap
1 Blademaster
1 Wind Walk
» actions
| Assign group hotkey | 37 | |
| Build / train | 52 | |
| ESC pressed | 5 | |
| Enter build submenu | 20 | |
| Enter hero's abilities submenu | 9 | |
| Remove unit from queue | 1 | |
| Right click | 895 | |
| Select / deselect | 224 | |
| Select group hotkey | 892 | |
| Use ability | 208 | |
2343 total
» units
| Peasant | 16 | |
| Rifleman | 14 | |
| Mortar Team | 2 | |
32 total
» upgrades
| Gunpowder | 2 | |
| Armor | 3 | |
| Long Rifles | 1 | |
6 total
» buildings
| Farm | 7 | |
| Altar of Kings | 1 | |
| Lumber Mill | 1 | |
| Blacksmith | 1 | |
| Barracks | 1 | |
| Scout Tower | 1 | |
| Arcane Tower | 1 | |
| Keep | 1 | |
| Workshop | 1 | |
| Arcane Vault | 1 | |
| Tauren Totem | 2 | |
18 total
» build order
00:23 Farm
00:36 Altar of Kings
00:52 Lumber Mill
01:12 Blacksmith
01:47 Farm
02:06 Barracks
02:23 Farm
02:32 Scout Tower
03:14 Arcane Tower
06:40 Keep
07:35 Farm
08:20 Farm
09:15 Farm
09:22 Workshop
09:57 Farm
12:16 Arcane Vault
15:18 Tauren Totem
15:32 Tauren Totem
treebeard (
orange | 74 APM | 3372 actions | 45:26)
7 Keeper of the Grove
3 Force of Nature
3 Entangling Roots
1 Tranquility
» actions
| Assign group hotkey | 61 | |
| Basic commands | 3 | |
| Build / train | 93 | |
| Enter build submenu | 29 | |
| Enter hero's abilities submenu | 10 | |
| Give item / drop item | 7 | |
| Right click | 1663 | |
| Select / deselect | 370 | |
| Select group hotkey | 971 | |
| Use ability | 165 | |
3372 total
» units
| Wisp | 43 | |
| Archer | 6 | |
| Huntress | 1 | |
| Peon | 7 | |
| Druid of the Talon | 2 | |
| Hippogryph | 3 | |
62 total
» upgrades
| Strength of the Wild | 3 | |
| Ultravision | 1 | |
| Reinforced Defenses | 1 | |
| Reinforced Hides | 2 | |
| Nature's Blessing | 1 | |
| Druid of the Talon Training | 2 | |
| Corrosive Breath | 1 | |
| Mark of the Talon | 1 | |
12 total
» buildings
| Moon Well | 7 | |
| Altar of Elders | 1 | |
| Ancient of War | 1 | |
| Hunter's Hall | 1 | |
| Ancient Protector | 34 | |
| Tree of Ages | 5 | |
| Watch Tower | 5 | |
| Ancient of Wind | 3 | |
| Ancient of Wonders | 1 | |
| Orc Burrow | 2 | |
| Tree of Eternity | 2 | |
| Chimaera Roost | 3 | |
| Altar of Storms | 1 | |
| Great Hall | 1 | |
67 total
» build order
00:09 Moon Well
00:19 Altar of Elders
00:36 Ancient of War
01:31 Moon Well
02:10 Hunter's Hall
02:25 Moon Well
03:56 Ancient Protector
03:57 Ancient Protector
03:57 Ancient Protector
04:17 Ancient Protector
05:54 Ancient Protector
05:55 Ancient Protector
05:55 Ancient Protector
05:55 Ancient Protector
05:56 Ancient Protector
06:10 Ancient Protector
06:31 Moon Well
06:32 Moon Well
08:52 Tree of Ages
08:52 Tree of Ages
08:52 Tree of Ages
09:13 Moon Well
09:13 Moon Well
09:33 Watch Tower
09:33 Watch Tower
09:34 Watch Tower
09:34 Watch Tower
09:34 Watch Tower
09:57 Ancient Protector
09:58 Ancient Protector
11:21 Ancient of Wind
11:21 Ancient of Wind
11:22 Ancient of Wind
12:07 Ancient Protector
12:07 Ancient Protector
12:08 Ancient Protector
12:52 Ancient of Wonders
13:12 Orc Burrow
14:01 Tree of Eternity
14:01 Tree of Eternity
15:16 Ancient Protector
15:17 Ancient Protector
15:17 Ancient Protector
15:54 Ancient Protector
18:24 Chimaera Roost
18:25 Chimaera Roost
19:59 Ancient Protector
19:59 Ancient Protector
20:00 Ancient Protector
20:00 Ancient Protector
20:00 Ancient Protector
21:31 Chimaera Roost
22:25 Ancient Protector
22:27 Ancient Protector
24:24 Ancient Protector
24:25 Ancient Protector
24:25 Ancient Protector
24:25 Ancient Protector
24:25 Ancient Protector
24:26 Ancient Protector
24:27 Ancient Protector
24:27 Ancient Protector
28:07 Altar of Storms
28:10 Orc Burrow
35:12 Great Hall
» items
| Staff of Teleportation | 1 | |
| Scroll of Town Portal | 1 | |
2 total
Chat log
(00:15 / Allies) cerillo: rush?
(00:20 / Allies) helpme: k
(00:33 / Allies) helpme: if all do
(00:38 / Allies) cerillo: all ok?
(00:39 / Allies) TheSoundOfTrees: me no rush
(00:57 / Allies) helpme: rifl
(00:59 / Allies) cerillo: we are 3 human
(00:59 / Allies) helpme: mort
(01:37 / Allies) TheSoundOfTrees: be sure to have tier 1 guys
(02:00 / Allies) cerillo: lets rush
(03:25 / Allies) FirePower: come to teal
(03:35 / All) treebeard: come
(06:13 / Allies) TheSoundOfTrees: me have dust
(07:24 / Allies) TheSoundOfTrees: focus bm
(07:57 / Allies) cerillo: mov eputp
(08:43 / Allies) FirePower: green tp
(08:46 / Allies) FirePower: wtf
(09:00 / Allies) cerillo: tp cost more
(09:24 / Allies) FirePower: not in terms of giving them experience and the time it takes to revive...
(11:12 / Allies) helpme: wtf
(11:36 / Allies) TheSoundOfTrees: wood for hippos
(12:07 / Allies) cerillo: go i heal you blue
(15:23 / Allies) helpme: tp
(15:26 / Allies) helpme: now
(17:24 / All) FirePower: sweet waste 2 mins because my tanks didnt port
(17:36 / All) TheSoundOfTrees: Pink you must be retarded
(17:51 / All) TheSoundOfTrees: In the time it took you to kill worthless farms and barracks you could have halled green and then moved on two blue's base
(18:01 / All) TheSoundOfTrees: can't believe you are above 50%
(18:02 / All) TheSoundOfTrees: barely
(18:24 / All) FirePower: i like how purple feels he deserves to talk shit in a game he got carried
(18:33 / All) TheSoundOfTrees: I went hero only
(18:41 / All) FirePower: yes, that's why i said "got carried"
(19:01 / Allies) helpme: ty
(19:02 / All) TheSoundOfTrees: I am 0-0
(19:03 / All) FirePower: you think if we weren't good that shit woulda lasted 10 mins? no
(19:13 / All) TheSoundOfTrees: Yes
(19:37 / All) FirePower: it's just fortunate they sucked and didnt scout/rush one of us who went units and not mass towers like you
(20:52 / Allies) cerillo: taek my expo yellow
(20:54 / Allies) cerillo: or blue
(22:04 / Allies) cerillo: blue
(27:33 / All) TheSoundOfTrees: the cavalry have arrived
(27:35 / Allies) FirePower: you killed my mortar noob
(27:42 / All) TheSoundOfTrees: Did I?
(28:08 / Allies) FirePower: i recommend you not do that purple
(28:21 / All) TheSoundOfTrees: Why would you recommend that?
(28:30 / Allies) FirePower: if you want to keep your chims
(28:44 / All) TheSoundOfTrees: that so?
(29:33 / All) treebeard: my team were retards jesus
(29:38 / All) treebeard: pink lost all ur grphys to one tank
(29:43 / All) treebeard: i told him to focus mk
(30:21 / All) FirePower: we have a retard who massed protectors so lol
(30:40 / Allies) FirePower: luckily for you tank rockets and flak dont effect ally units -.
(30:46 / All) TheSoundOfTrees: Ye[
(30:49 / All) treebeard: night elf towers die so quick jesus
(31:47 / Allies) FirePower: look now purple thinks he is good for teamkilling with air that allied mech cant counter
(31:53 / All) TheSoundOfTrees: heh
(32:09 / All) treebeard: can u noobs leave i owned u 1v4
(32:15 / Allies) FirePower: lol you didnt own shit
(32:21 / All) TheSoundOfTrees: what's your gold count yellow?
(32:23 / All) FirePower: purple didnt make units for 20 mins
(32:27 / All) FirePower: he did what you did
(32:34 / Allies) FirePower: if you weren't a retard you could check it
(33:00 / All) treebeard: dead mk lawl
(33:19 / All) TheSoundOfTrees: you might want to leave yellow
(33:25 / All) FirePower: nah
(33:25 / All) TheSoundOfTrees: Or you can stay for a standoff
(33:30 / All) FirePower: ill be here as long as you are
(33:38 / All) treebeard: i seriously thought his tanks
(33:41 / All) treebeard: would die
(33:42 / All) TheSoundOfTrees: Maybe tell him the rules, Treebeard
(33:45 / All) treebeard: ne towers are horrible
(33:54 / All) treebeard: no standoff my team is all gone
(33:56 / All) FirePower: thankfully for you noob blizz didnt balance for ally combat and so mech doesn't counter ally units
(34:01 / All) TheSoundOfTrees: oh I see
(34:10 / All) FirePower: if we weren't allies your chippo army would have been shredded
(34:14 / All) TheSoundOfTrees: k
(34:16 / All) FirePower: by both tanks and gyros
(34:25 / All) TheSoundOfTrees: If wishes were horses beggars would ride
(34:31 / All) FirePower: with aoe/piercing and armor advantage
(34:36 / All) treebeard: yellow we werent even trying, we were just screwing around with towers
(34:43 / All) FirePower: lol it's not a wish, it's just a game mechanic that doesn't affect allies
(35:26 / All) treebeard: i would feel ashamed yellow, losing 1v4
(35:30 / All) FirePower: purple is just all butthurt that i said he got carried because he spent 10 mins just entangling a few units while we 3v4
(35:38 / All) FirePower: lol i didnt lose a 1v4
(35:42 / All) TheSoundOfTrees: Orange is my friend, clueless one
(35:48 / All) FirePower: im not clueless, i surmised that
(35:53 / All) FirePower: when you both did the same dumb strat
(35:54 / All) TheSoundOfTrees: You were doomed before the game ever began
(36:06 / All) treebeard: like i said yellow we were handicapped we werent at our fullest strength
(36:14 / All) FirePower: if i get the loss so do you, im on a smurf im just here to make sure you get it too
(36:18 / All) FirePower: what was he at?
(36:21 / All) FirePower: 0 units all game?
(36:22 / All) treebeard: tell me ur aka yellow be a man
(36:26 / All) FirePower: "full str"
(36:31 / All) FirePower: NobleBloodmage
(36:53 / All) FirePower: and btw i only made like 4 footmen and then straight teched to tanks
(37:04 / All) treebeard: and ur heros died every battle
(37:05 / All) treebeard: it shows
(37:09 / All) FirePower: and purple is so daft he uprooted his ancients
(37:19 / All) FirePower: to reduce damage from siege
(37:24 / All) TheSoundOfTrees: ?
(37:25 / All) FirePower: that he's killing
(37:31 / All) FirePower: when you uproot ancients
(37:34 / All) FirePower: their armor type changes
(37:40 / All) TheSoundOfTrees: I just never thought about it
(37:45 / All) TheSoundOfTrees: Good point
(37:48 / All) FirePower: and to find out an ally's gold count, since you aren't aware, you click their buildings
(37:53 / All) FirePower: yes, that's because you're a noob
(38:01 / All) TheSoundOfTrees: oh I see
(38:04 / All) TheSoundOfTrees: I never knew that
(38:10 / All) FirePower: obviously
(38:11 / All) TheSoundOfTrees: more tips sir
(38:34 / All) TheSoundOfTrees: what strategy guide do you use
(38:36 / All) FirePower: no amount of tips would make you more than a 60% player, my goal was to point out your ignorance
(38:42 / All) treebeard: we have been doing this since you were a little weeee one , yellow, do not be ashamed
(39:09 / All) FirePower: shame i had a race handicapped in fighting allied air
(39:17 / All) FirePower: or you'd be getting this loss orange
(39:23 / All) FirePower: as you and your team deserve
(39:25 / All) treebeard: lawl
(39:27 / All) TheSoundOfTrees: gryphons
(39:30 / All) treebeard: u were human idiot, thats the best stabbing race
(39:32 / All) treebeard: LAWL
(39:37 / All) FirePower: what about gryphons? into hippos?
(39:37 / All) TheSoundOfTrees: I only had 6 hippos
(39:41 / All) FirePower: i went mech
(39:52 / All) TheSoundOfTrees: I had 6 hippos all game bro
(39:56 / All) FirePower: which normally instagibs elf air
(40:11 / All) FirePower: you're right, i should definately have massed gryphon
(40:19 / All) FirePower: when orange spent 15 mins making protectors
(40:26 / All) FirePower: instead of a more versatile army
(40:29 / All) FirePower: like tanks
(40:36 / All) FirePower: and mortars
(40:55 / All) treebeard: yellow u got outplayed, concede this like obama gonna concede to romney
(41:05 / All) FirePower: i didnt get outplayed
(41:32 / All) FirePower: i basically carried the team all game with purple not making units and my allies lossing mass units for no reason
(41:39 / All) TheSoundOfTrees: anything else you want to add?
(41:53 / All) treebeard: u act like my team was special pink lost everything, teal died in 5 min
(41:55 / All) FirePower: nope, go ahead and earn yourself the loss noob
(41:56 / All) treebeard: u carried against nothing
(41:57 / All) treebeard: moron
(42:04 / All) FirePower: he died in 5 mins
(42:04 / All) treebeard: go top right turncoat
(42:08 / All) FirePower: because i raped him with 3 units and a hero
(42:12 / All) TheSoundOfTrees: Pink was basically retarded
(42:16 / All) FirePower: even when he had tower/ally help
(42:18 / All) treebeard: island duel keepers
(42:19 / All) TheSoundOfTrees: he spent like 5 minutes killing farms
(42:29 / All) FirePower: guess what
(42:32 / All) FirePower: him killing green
(42:34 / All) FirePower: was more than you did
(42:36 / All) TheSoundOfTrees: I can't
(42:38 / All) FirePower: for our team
(42:39 / All) TheSoundOfTrees: lawls
(42:41 / All) FirePower: idiot
(42:47 / All) treebeard: ok end it yellow is in denial
(43:17 / All) FirePower: you're the one in denial, purple took 20 mins to do what any halfwit could have done in 5
(43:23 / All) FirePower: @ tk
(43:31 / All) treebeard: this guy lawl
(43:45 / All) TheSoundOfTrees: that's the last building
(43:56 / All) FirePower: so enjoy the waiting game where you decide which one of you noobs is going to get the loss
(44:17 / All) TheSoundOfTrees: lol
(44:18 / All) treebeard: a tie
(44:23 / All) treebeard: unlike yellows record lawl
(44:27 / All) treebeard: 1-1 now
(44:35 / All) FirePower: yours or his will have a loss as well
(44:38 / All) TheSoundOfTrees: he's 50% player lol
(44:47 / All) FirePower: gj, you ruined a record that took me 10 mins to get, bravo
(44:48 / All) TheSoundOfTrees: Yellow you're 50% palyer
(45:01 / All) FirePower: guess what, if you make me 50%
(45:03 / All) FirePower: you're 0%
(45:04 / All) TheSoundOfTrees: see you
(45:05 / All) FirePower: :)
(45:06 / All) TheSoundOfTrees: thank you for the tips
(45:16 / All) treebeard: yellow our strategy on tis map was a bad one and we still outplayed u
(45:20 / All) TheSoundOfTrees: I will buy the official strategy guide
(45:23 / All) TheSoundOfTrees: so I can be good like you